 Dungeon Crawl Stone Soup version 0.31-a0-506-g3d79149578 (webtiles) character file.

Game seed: 11978736688991155142

360 GordonOverkill the Sneak (level 6, 0/42 HPs)
             Began as an Octopode Delver on Aug 9, 2023.
             Slain by a polar bear (5 damage)
             ... on level 7 of the Dungeon.
             The game lasted 00:04:03 (1136 turns).

GordonOverkill the Sneak (Octopode Delver)          Turns: 1136, Time: 00:04:04

Health: 0/42       AC:  5    Str: 12    XL:     6   Next: 65%
Magic:  9/9        EV: 13    Int: 14    God:
Gold:   82         SH:  0    Dex: 13    Spells: 9/9 levels left

rFire   . . .        a - +0 short sword
rCold   . . .        (no shield)
rNeg    . . .        (helmet restricted)
rPois   .            (no amulet)
rElec   .            g - ring of resist corrosion
rCorr   +            j - +4 ring of protection
SInv    .            (no ring)
Will    .....        (no ring)
Stlth   ++++         (no ring)
HPRegen 0.27/turn    (no ring)
MPRegen 0.11/turn    (no ring)
                     (no ring)

%: no passive effects
@: hasted, very quick
A: almost no armour, amphibious, 8 rings, camouflage 1, gelatinous body 1,
(nimble swimmer 1), tentacles
a: no special abilities


You were on level 7 of the Dungeon.
You visited 1 branch of the dungeon, and saw 4 of its levels.

You collected 82 gold pieces.

Inventory:

Hand Weapons
 a - a +0 short sword (weapon)
Missiles
 l - 3 poisoned darts (quivered)
Jewellery
 g - a ring of resist corrosion (left tentacle)
 j - a +4 ring of protection (right tentacle)
Wands
 f - a wand of digging (3)
Scrolls
 b - 2 scrolls of fog
 c - a scroll of revelation
 h - 2 scrolls of noise {unknown}
 k - a scroll of identify {unknown}
Potions
 i - a potion of heal wounds {unknown}
 m - a potion of mutation {unknown}


   Skills:
 - Level 3.0 Fighting
 - Level 4.1 Short Blades
 - Level 2.0 Dodging
 - Level 6.6 Stealth
 + Level 2.1 Spellcasting
 + Level 2.4 Conjurations
 + Level 2.3 Ice Magic
 + Level 2.3 Air Magic


You had 9 spell levels left.
You didn't know any spells.
Your spell library contained the following spells:

 Spells                   Type           Power      Damage    Failure   Level
 Poisonous Vapours        Pois/Air       8%         N/A       22%         2
 Sting                    Tmut/Pois      4%         1d3       24%         1
 Mephitic Cloud           Conj/Pois/Air  5%         N/A       36%         3
 Freezing Cloud           Conj/Ice/Air   4%         6-21      94%         5
 Irradiate                Conj/Tmut      2%         3d12      99%         5
 Summon Mana Viper        Hex/Summ       1%         N/A       100%        5
 Yara's Violent Unravell  Hex/Tmut       0%         3d3       100%        5


Dungeon Overview and Level Annotations

Branches:
Dungeon (8/15)
 Temple: D:4-7         Lair: D:8-11

Altars:
Dithmenos


Innate Abilities, Weirdness & Mutations

You cannot wear most types of armour.
You are amphibious.
You can wear up to eight rings at the same time.
Your skin changes colour to match your surroundings (Stealth+).
Your rubbery body absorbs attacks. (AC +1, EV +1)
((You are camouflaged when in or above water. (Stealth+)))
You have tentacles for arms and can constrict up to eight enemies at once.


Message History

* * * LOW HITPOINT WARNING * * *
You completely miss the polar bear.
The polar bear is moderately wounded.
The water moccasin hisses angrily.
You closely miss the polar bear. You squeeze the polar bear.
The polar bear is moderately wounded.
The polar bear barely misses you.
The polar bear claws you but does no damage.
The polar bear misses you.
As you read the scroll of fear, it crumbles to dust.
You assume a fearsome visage.
The water moccasin looks frightened!
The polar bear looks frightened!
You hit the polar bear but do no damage.
Your attack snaps the polar bear out of its fear.
You squeeze the polar bear.
The polar bear is heavily wounded.
The polar bear bites you!
* * * LOW HITPOINT WARNING * * *
The polar bear claws you but does no damage.
The polar bear claws you.
* * * LOW HITPOINT WARNING * * *
You hit the polar bear.
The polar bear is heavily wounded.
The polar bear bites you!
* * * LOW HITPOINT WARNING * * *
The polar bear claws you but does no damage.
The polar bear completely misses you.
You hit the polar bear but do no damage.
The polar bear is heavily wounded.
You hit the polar bear.
The polar bear is heavily wounded.
The polar bear bites you but does no damage.
The polar bear closely misses you. The polar bear completely misses you.
You hit the polar bear but do no damage.
Your squeeze misses the polar bear.
The polar bear is heavily wounded.
You hit the polar bear but do no damage.
The polar bear is heavily wounded.
The polar bear bites you.
You die...

## #.. #S# #.#
#.# #.#
##.#######
###...#..@.##.
#...#...h)....#
#.#..##+##.##.#
#.##.# .# ..
#.##.# .. .
#.##.# ...
#.#### .# .[##
#.# 8.8 .##
#######.# #.#


You could see a polar bear.

Vanquished Creatures
  A bullfrog (D:6)
  2 scorpions (D:6)
  An orc priest (D:5)
  A hound (D:5)
  3 iguanas (D:5)
  3 adders
  A worm (D:5)
  6 orcs
18 creatures vanquished.

Notes
Turn   | Place    | Note
-------+----------+-------------------------------------------
     0 | D:5      | GordonOverkill the Octopode Delver began the quest for the
                  | Orb.
     0 | D:5      | Reached XP level 1. HP: 16/16 MP: 1/1
    36 | D:5      | Noticed a hound
    38 | D:5      | Killed a hound
    39 | D:5      | Reached XP level 2. HP: 21/21 MP: 2/2
    39 | D:5      | Reached XP level 3. HP: 26/26 MP: 3/3
   110 | D:5      | Found a shadowy altar of Dithmenos.
   259 | D:6      | Noticed a scorpion
   259 | D:6      | Noticed a bullfrog
   260 | D:6      | Killed a bullfrog
   261 | D:6      | Reached skill level 1 in Spellcasting
   261 | D:6      | Reached skill level 1 in Conjurations
   261 | D:6      | Reached skill level 1 in Ice Magic
   261 | D:6      | Reached skill level 1 in Air Magic
   261 | D:6      | Reached XP level 4. HP: 31/31 MP: 3/5
   261 | D:6      | Reached XP level 5. HP: 36/36 MP: 3/6
   290 | D:6      | Got Etsext Akes's Notes on Twinkling Changes
   522 | D:6      | Noticed an orc warrior
   628 | D:5      | Reached XP level 6. HP: 42/42 MP: 8/8
  1111 | D:7      | Noticed a water moccasin
  1117 | D:8      | Noticed a polar bear
  1117 | D:8      | Noticed a polar bear
  1136 | D:7      | Slain by a polar bear

Illustrated notes

Levels and vault maps discovered:
D:5:      layout_loops_ring, lemuel_round_altar,
          nicolae_qazlal_eye_of_the_storm, bh_walls_and_bars
D:6:      layout_rooms, serial_shops, shop, uniq_maggie, uniq_grinder
D:7:      layout_loops_ring, dk_noncrumbling_2, uniq_duvessa, uniq_menkaure,
          uniq_jeremiah
D:8:      layout_rooms, mainiacjoe_overflow_six_doors_small, serial_ice,
          serial_ice_k, serial_ice_a, serial_ice_b, serial_ice_m,
          enter_bailey_3, uniq_grum, uniq_joseph, uniq_psyche

Skill      XL: |  1  2  3  4  5  6 |
---------------+-------------------+-----
Short Blades   | 3 4 |  4.1
Spellcasting   | 1 2 |  2.1
Conjurations   | 1 2 |  2.4
Ice Magic      | 1 2 |  2.3
Air Magic      | 1 2 |  2.3
Fighting       | |  3.0
Dodging        | |  2.0
Stealth        | |  6.6

Action                     |  1- 3 |  4- 6 || total
---------------------------+-------+-------++-------
  Melee: Short sword       |     7 |    60 ||    67
         Tentacles         |     2 |    15 ||    17
         Constrict         |     1 |     9 ||    10
         Punch             |       |     1 ||     1
    Use: Scroll            |       |     1 ||     1
         Potion            |       |     1 ||     1
   Stab: Sleeping          |     2 |     6 ||     8
 Armour: Skin              |     1 |    13 ||    14
  Dodge: Dodged            |     2 |    32 ||    34

Table legend: (Time is in decaauts)
 A = Elapsed time spent in this place.
 B = Non-inter-level travel time spent in this place.
 C = Inter-level travel time spent in this place.
 D = Time resting spent in this place.
 E = Time spent auto-exploring this place.
 F = Levels seen in this place.
 G = Mean time per level.
                   A        B        C        D        E       F      G
               +--------+--------+--------+--------+--------+-----+--------+
         Total |   1119 |   1119 |      0 |    248 |     22 |   4 |  279.8 |
       Dungeon |   1119 |   1119 |      0 |    248 |     22 |   4 |  279.8 |
               +--------+--------+--------+--------+--------+-----+--------+

Top non-repeatable levels by time:
     D:5: 666 daAuts
     D:6: 368 daAuts
     D:7: 82 daAuts
     D:8: 2 daAuts
